AoeStats
← Chris

Nomad

506806515Analyzed
4v4 RM · 17d ago on Sep 15, 2026· 40m 43s· 8 players
Game mode
Random Map
Map size
231×231
Population
200
Speed
Normal
Resources
Standard
Victory
Conquest
Starting age
Dark Age
Ending age
Imperial Age
RankedLock teamsTeams togetherTeam positionsShared explorationLock speedFull tech treeHidden civsTurbo modeCheats
Victory
Defeat
🇧🇷 Chinese · Brazil
1436
+14
🇪🇸 Khmer · Spain
1431
+14
🇨🇳 Hindustanis · China
1344
+18
🇨🇳 Mapuche · China
1344
+18
🇨🇳 Persians · China
1567
-23
🇺🇸 Chinese · United States
1370
-15
🇦🇺 Teutons · Australia
1329
-14
🇨🇳 Armenians · China
1298
-12
Aspirante
5:05 Loom
14:03 Feudal Age
15:08 Double-Bit Axe
15:05 Horse Collar
18:48 Castle Age
17:34 Forging
18:16 Gold Mining
19:30 Scale Barding Armor
19:08 Light Cavalry
20:44 Bloodlines
25:05 Chain Barding Armor
29:42 Husbandry
33:15 Iron Casting
41:07 Wheelbarrow
i'm a pupil
11:01 Loom
13:22 Feudal Age
13:54 Double-Bit Axe
14:02 Fishing Lines
17:53 Horse Collar
19:25 Scale Barding Armor
24:14 Castle Age
22:48 Forging
23:42 Gold Mining
24:18 Light Cavalry
24:50 Gillnets
25:11 Bow Saw
25:35 Medium Warships
26:20 Chain Barding Armor
27:14 Bloodlines
27:55 Iron Casting
27:59 Husbandry
29:52 Wheelbarrow
29:06 Town Watch
31:31 Hand Cart
31:54 Gold Shaft Mining
35:40 Stone Mining
38:10 Heavy Plow
40:52 Imperial Age
39:05 Stone Shaft Mining
40:56 Grand Trunk Road
Prigozhin
13:19 Feudal Age
13:42 Loom
16:56 Castle Age
17:43 Double-Bit Axe
19:00 Bow Saw
19:41 Gold Mining
20:53 Horse Collar
26:46 Forging
29:52 Wheelbarrow
29:04 Town Watch
36:58 Imperial Age
34:39 Horse Collar
38:00 Conscription
37:00 Elite Kona
38:22 Iron Casting
逆·风
3:26 Loom
13:41 Feudal Age
14:33 Double-Bit Axe
14:34 Town Watch
15:27 Wheelbarrow
15:47 Fishing Lines
21:04 Castle Age
19:25 Fletching
20:15 Stone Mining
26:49 Padded Archer Armor
27:23 Gillnets
28:50 Bodkin Arrow
32:01 Leather Archer Armor
32:04 Bow Saw
33:29 Hand Cart
35:18 Gold Mining
37:28 Ballistics
41:50 Imperial Age
39:54 Town Patrol
40:53 Thumb Ring
超级硬邦邦
3:50 Loom
13:26 Feudal Age
13:51 Double-Bit Axe
15:20 Forging
20:03 Castle Age
18:25 Gold Mining
19:20 Fishing Lines
21:34 Medium Warships
21:50 Bow Saw
25:51 Gold Shaft Mining
25:07 Stone Mining
25:24 Scale Barding Armor
25:48 Horse Collar
28:11 Husbandry
刀他(她)
4:38 Loom
16:04 Feudal Age
20:11 Castle Age
17:58 Double-Bit Axe
18:45 Stone Mining
20:12 Fletching
22:06 Medium Warships
22:59 Wheelbarrow
23:51 Bow Saw
23:40 Gold Mining
24:58 Horse Collar
31:31 Heavy Plow
32:09 Gold Shaft Mining
32:31 Bodkin Arrow
36:00 Imperial Age
34:12 Hand Cart
35:18 Padded Archer Armor
35:48 Fortified Wall
36:13 Ballistics
Chris
2:52 Loom
12:32 Feudal Age
13:11 Double-Bit Axe
13:58 Fletching
14:58 Padded Archer Armor
16:13 Town Watch
17:03 Wheelbarrow
17:09 Wheelbarrow
19:02 Gold Mining
SweatyPenguin
5:55 Loom
13:20 Feudal Age
14:54 Double-Bit Axe
17:30 Castle Age
15:41 Horse Collar
19:00 Scale Barding Armor
21:27 Forging
24:05 Heavy Plow
24:53 Bloodlines
26:51 Bow Saw
28:02 Gold Mining
29:20 Chain Barding Armor
29:49 Stone Mining
32:43 Iron Casting
36:57 Imperial Age
34:29 Scale Mail Armor
33:51 Pikeman
34:31 Squires
34:17 Arson
35:33 Wheelbarrow
35:08 Fletching
35:34 Chain Mail Armor
37:15 Gambesons
37:01 Halberdier
38:43 Blast Furnace
40:14 Plate Mail Armor
40:39 Conscription
Connection lost

Rejoining the realm…

Still unreachable

The connection could not be restored.

Session expired

The server has moved on; the page needs a fresh start.